cohdb
Replays
Latest Replays
All Replays
Popular Replays
Top Player Replays
Match Explorer
How It Works
Community
CoH3 Stats
Reddit
Sign in to upload your games and track your stats! →
Sign in with Steam
Match 42505722
Unlisted
Match 42505722
Overview
Messages
Build Orders
End
Kradschützen Motorcycle Team
Panzergrenadier Squad
Panzergrenadier Squad
250 Light Carrier
Construct Light Support Kompanie
Combat Half-tracks
Construct Mechanized Kompanie
Assault Mechanized Group
Panzerjäger Squad
8 Rad Armored Car
2.5-tonne Medical Truck
Construct Panzerarmee Kommand
Selects Armored Support Battlegroup
Selects Superior Fire Drills
Selects Flammpanzer III Medium Tank
Selects Salvage Kits
254 Reconnaissance Tractor
Flammpanzer III Medium Tank
Selects Panzer Storm
Nubbl0r
Drowned
0
0
Comments
sign in to comment!
No comments posted yet!